 Dungeon Crawl Stone Soup version 0.26.1-11-gd32895ea62 (webtiles) character file.

Game seed: 11031883944100102167

52 Tirrikindir the Shield-Bearer (level 3, 0/26 HPs)
             Began as an Octopode Fighter on May 24, 2021.
             Slain by Robin
             ... wielding a +0 dagger
              (3 damage)
             ... on level 2 of the Dungeon.
             The game lasted 00:02:23 (1264 turns).

Tirrikindir the Shield-Bearer (Octopode Fighter)    Turns: 1264, Time: 00:02:24

Health: 0/26       AC:  1    Str: 16    XL:     3   Next: 85%
Magic:  3/3        EV: 12    Int: 10    God:
Gold:   96         SH:  9    Dex: 17    Spells: 2/2 levels left

rFire    . . .     SeeInvis .   a - +0 long sword
rCold    . . .     Faith    .   b - +0 kite shield
rNeg     . . .     Spirit   .   (helmet restricted)
rPois    .         Reflect  .   (no amulet)
rElec    .         Harm     .   g - +6 ring of dexterity
rCorr    .         Rampage  .   (no ring)
Will     .....                  (no ring)
Stlth    +++.......             (no ring)
HPRegen  0.08/turn              (no ring)
MPRegen  0.08/turn              (no ring)
                                (no ring)
                                (no ring)

@: mighty
A: almost no armour, stealthy swim, amphibious, 8 rings, constrict 8, camouflage
1, gelatinous body 1
a: no special abilities


You were on level 2 of the Dungeon.
You visited 1 branch of the dungeon, and saw 2 of its levels.

You collected 96 gold pieces.

Inventory:

Hand Weapons
 a - a +0 long sword (weapon)
Armour
 b - a +0 kite shield (worn)
Jewellery
 g - a +6 ring of dexterity (left tentacle)
Scrolls
 d - a scroll of magic mapping {unknown}
 h - a scroll of teleportation
Potions
 e - 2 potions of degeneration {unknown}
 f - a potion of flight {unknown}
 i - a potion of haste {unknown}


   Skills:
 + Level 3.2 Fighting
 * Level 2.9 Long Blades
 + Level 3.3 Dodging
 + Level 1.5 Stealth
 + Level 3.3 Shields


You had 2 spell levels left.
You didn't know any spells.
Your spell library was empty.

Dungeon Overview and Level Annotations

Branches:
Dungeon (2/15)

Altars:

Annotations:
D:2 Robin


Innate Abilities, Weirdness & Mutations

You cannot wear most types of armour.
You are very stealthy in the water. (Stealth+)
You are amphibious.
You can wear up to eight rings at the same time.
You can use your tentacles to constrict eight enemies at once.
Your skin changes colour to match your surroundings (Stealth+).
Your rubbery body absorbs attacks. (AC +1, EV +1)


Message History

You kill the goblin!
The goblin closely misses you.
Your shield prevents you from hitting the goblin.
You grab the goblin. You constrict the goblin.
The goblin completely misses you.
You riposte.
You slash the goblin!
You kill the goblin!
You slash the goblin!
You kill the goblin!
The goblin wields a +0 hunting sling.
The goblin shoots a stone.
The stone hits you.
* * * LOW HITPOINT WARNING * * *
You slash Robin! Your grab misses Robin.
Robin is severely wounded.
Robin throws the goblin at you!
The goblin unwields a +0 hunting sling.
You block the goblin's attack. Robin hits you with a +0 dagger.
* * * LOW HITPOINT WARNING * * *
You slash the goblin!
You kill the goblin!
Robin hits you with a +0 dagger.
You die...

#...........# .#
#...........# .#
#...........####### .#
#...........##....### # .#
#.†)........#.......##.# .#
#...........#..<.......# .#
#.....>.....#........##
.######....#######.........#
..........(....)@g(..........
......#.....######.........#.
...##.#.....# #.........#
...##^#.....# #.........#
...##.......# #.......#.#
...###......# #########.#
...# #..###.# . ...# ##.# #.#
#### #.. #.#


You could see Robin.

Vanquished Creatures
  A worm (D:2)
  2 dart slugs (D:1)
  4 leopard geckos
  2 bats (D:2)
  16 goblins
  6 hobgoblins
  3 frilled lizards
  2 kobolds
36 creatures vanquished.

Notes
Turn   | Place    | Note
-------+----------+-------------------------------------------
     0 | D:1      | Tirrikindir the Octopode Fighter began the quest for the
                  | Orb.
     0 | D:1      | Reached XP level 1. HP: 16/16 MP: 1/1
   352 | D:1      | Reached XP level 2. HP: 15/21 MP: 2/2
   478 | D:1      | Reached skill level 1 in Stealth
   838 | D:2      | Reached XP level 3. HP: 24/26 MP: 3/3
  1241 | D:2      | Noticed Robin
  1264 | D:2      | Slain by Robin

Illustrated notes

Levels and vault maps discovered:
D:1:      minmay_arrival_checkered_box, layout_basic
D:2:      layout_basic, uniq_robin, uniq_jessica

Skill      XL: |  1  2 |
---------------+-------+-----
Stealth        | 1 |  1.5
Fighting       | |  3.2
Long Blades    | |  2.9
Dodging        | |  3.3
Shields        | |  3.3

Action                   || total
-------------------------++-------
Melee: Long sword        ||    49
       Constrict         ||    20
       Tentacles         ||    14
  Use: Scroll            ||     5
       Potion            ||     1
 Stab: Sleeping          ||     1
       Distracted        ||     1
Armor: Skin              ||     2
Dodge: Dodged            ||    22
Block: Kite shield       ||    27
       Rpst.: Long sword ||     7
